 Dungeon Crawl Stone Soup version 0.25-a0-647-gd602d06ee1 (webtiles) character file.

Game seed: 18147776473645880863, levelgen mode: deterministic

168 Esekla the Stinger (level 5, -7/33 HPs)
             Began as an Octopode Venom Mage on Mar 22, 2020.
             Was a Follower of Vehumet.
             Mangled by Crazy Yiuf
             ... wielding a +4 quarterstaff of chaos
              (8 damage)
             ... on level 3 of the Dungeon.
             The game lasted 00:15:34 (2525 turns).

Esekla the Stinger (Octopode Venom Mage)            Turns: 2525, Time: 00:15:35

Health: -7/33      AC:  1    Str:  8    XL:     5   Next: 48%
Magic:  6/9        EV: 14    Int: 17    God:    Vehumet [*.....]
Gold:   117        SH:  0    Dex: 13    Spells: 4/10 levels left

rFire    . . .     SeeInvis .   g - +0 short sword (venom)
rCold    . . .     Gourm    .   (no shield)
rNeg     . . .     Faith    .   k - +0 hat
rPois    .         Spirit   .   (no amulet)
rElec    .         Reflect  .   (no ring)
rCorr    .         Harm     .   (no ring)
MR       .....                  (no ring)
Stlth    +++.......             (no ring)
HPRegen  0.11/turn              (no ring)
MPRegen  0.11/turn              (no ring)
                                (no ring)
                                (no ring)

@: hasted, very quick
A: almost no armour, stealthy swim, amphibious, 8 rings, constrict 8, camouflage
1, gelatinous body 1
a: Renounce Religion


You were on level 3 of the Dungeon.
You worshipped Vehumet.
Vehumet was aware of your devotion.
You were not hungry.

You visited 1 branch of the dungeon, and saw 4 of its levels.

You collected 117 gold pieces.

Inventory:

Hand Weapons
 g - a +0 short sword of venom (weapon)
Missiles
 h - 17 poisoned darts (quivered)
 i - 7 silver boomerangs
Armour
 k - a +0 hat (worn)
Wands
 o - a wand of polymorph (12)
Scrolls
 d - a scroll of magic mapping {unknown}
 l - a scroll of immolation {unknown}
 m - a scroll of enchant weapon {unknown}
 p - a scroll of blinking {unknown}
Potions
 a - a potion of haste
 c - a potion of heal wounds {unknown}
 e - a potion of stabbing
 f - a potion of mutation
 j - a potion of ambrosia
 n - a potion of might {unknown}
Comestibles
 b - 6 rations


   Skills:
 * Level 1.4 Fighting
 + Level 0.8 Short Blades
 * Level 2.6 Dodging
 + Level 3.5 Stealth
 * Level 3.0 Spellcasting
 * Level 0.2 Conjurations
 - Level 1.0 Transmutations
 * Level 2.0 Air Magic
 + Level 4.1 Poison Magic


You had 4 spell levels left.
You knew the following spells:

 Your Spells              Type           Power        Failure   Level  Hunger
a - Sting                 Tmut/Pois      ##..         6%          1    None
c - Mephitic Cloud        Conj/Pois/Air  #.......     22%         3    ###....
v - Poisonous Vapours     Pois/Air       ##....       8%          2    ##.....

Your spell library contained the following spells:

 Spells                   Type           Power        Failure   Level  Hunger
 Freeze                   Ice            #...         17%         1    None
 Ignite Poison            Fire/Tmut/Pois #.......     26%         3    ###....
 Olgreb's Toxic Radiance  Pois           ###.....     30%         4    ####...


Dungeon Overview and Level Annotations

Branches:
Dungeon (4/15)
 Temple: D:4-7

Altars:
Kikubaaqudgha
Vehumet

Annotations:
D:3 Crazy Yiuf


Innate Abilities, Weirdness & Mutations

You cannot wear most types of armour.
You are very stealthy in the water. (Stealth+)
You are amphibious.
You can wear up to eight rings at the same time.
You can use your tentacles to constrict eight enemies at once.
Your skin changes colour to match your surroundings (Stealth+).
Your rubbery body absorbs attacks. (AC +1, EV +1)


Message History

You constrict Crazy Yiuf. Crazy Yiuf closely misses you.
You hit Crazy Yiuf but do no damage.
Crazy Yiuf looks as sick as possible!
Crazy Yiuf is moderately wounded.
You constrict Crazy Yiuf, but do no damage.
Crazy Yiuf cries, "Candle!
Citrus stair mumblescurry."
Crazy Yiuf hits you with a +4 quarterstaff of chaos!
Crazy Yiuf burns you.
You hit Crazy Yiuf but do no damage.
Crazy Yiuf looks as sick as possible!
You squeeze Crazy Yiuf.
Crazy Yiuf is heavily wounded.
You constrict Crazy Yiuf.
Crazy Yiuf hits you with a +4 quarterstaff of chaos!
* * * LOW HITPOINT WARNING * * *
You feel yourself speed up.
You hit Crazy Yiuf.
Crazy Yiuf looks as sick as possible!
Crazy Yiuf is severely wounded.
You constrict Crazy Yiuf.
Crazy Yiuf whimpers, "Seed disdain chair!"
Crazy Yiuf hits you with a +4 quarterstaff of chaos!
You die...

... ####.# ..#.# #
#.#.# #.##.#.#
#......#######
####.##....#.### ###
##.##.#...P..#..##.°.#
#.........PP####@g...#
...........## ###..)#
#...######## ### ##.##
#.# ##.##########
##### #....<....#.#
#.#.# #..######.#.#
#.#.# #..##.......#
#.#.#


You could see Crazy Yiuf.

Vanquished Creatures
  A hound (D:4)
  An orc priest (D:3)
  5 adders
  A gnoll (D:1)
  2 oozes (D:1)
  2 worms
  An orc (D:4)
  4 giant cockroaches
  2 goblins (D:1)
  2 hobgoblins (D:1)
  6 jackals
  A quokka (D:2)
  3 bats (D:1)
  2 frilled lizards
  4 kobolds (D:1)
  7 rats
44 creatures vanquished.

Notes
Turn   | Place    | Note
-------+----------+-------------------------------------------
     0 | D:1      | Esekla the Octopode Venom Mage began the quest for the Orb.
     0 | D:1      | Reached XP level 1. HP: 11/11 MP: 3/3
   161 | D:1      | Reached XP level 2. HP: 17/18 MP: 3/5
   266 | D:1      | Learned a level 2 spell: Poisonous Vapours
   431 | D:1      | Reached skill level 4 in Poison Magic
   516 | D:1      | Reached XP level 3. HP: 12/22 MP: 1/6
  1129 | D:2      | Found a faded altar of an unknown god.
  1137 | D:2      | Became a worshipper of Vehumet
  1137 | D:2      | Reached * piety under Vehumet
  1137 | D:2      | Offered knowledge of Freeze by Vehumet.
  1199 | D:2      | Reached skill level 1 in Fighting
  1387 | D:2      | Reached XP level 4. HP: 13/28 MP: 8/8
  1459 | D:2      | Reached skill level 1 in Air Magic
  2128 | D:4      | Reached XP level 5. HP: 21/33 MP: 9/9
  2133 | D:4      | Learned a level 3 spell: Mephitic Cloud
  2396 | D:3      | Found an ancient bone altar of Kikubaaqudgha.
  2494 | D:3      | Found a runed translucent door.
  2495 | D:3      | Noticed Crazy Yiuf
  2524 | D:3      | HP: 1/33 [Crazy Yiuf/+4 quarterstaff of chaos (14)]
  2525 | D:3      | Mangled by Crazy Yiuf

Levels and vault maps discovered:
D:1:      onia_arrival_handbag, layout_rooms
D:2:      layout_basic, chequers_ecumenical_altar_grove
D:3:      layout_loops_corners, chequers_temple_overflow_statue_of_worship,
          lemuel_round_altar, first_ration, uniq_crazy_yiuf_cottage
D:4:      layout_gridville, lemuel_crystal_altar, uniq_natasha

Skill      XL: |  1  2  3  4  5 |
---------------+----------------+-----
Poison Magic   | 4 |  4.1
Stealth        | 3 |  3.5
Fighting       | 1 |  1.4
Air Magic      | 1 2 |  2.0
Spellcasting   | 3 |  3.0
Short Blades   | |  0.8
Dodging        | |  2.6
Conjurations   | |  0.2
Transmutations | |  1.0

Action                   |  1- 3 |  4- 6 || total
-------------------------+-------+-------++-------
Melee: Unarmed           |    44 |       ||    44
       Constrict         |    20 |    10 ||    30
       Tentacles         |    13 |     5 ||    18
       Short sword       |    19 |    41 ||    60
 Cast: Sting             |     5 |       ||     5
       Poisonous Vapours |    13 |     4 ||    17
       Mephitic Cloud    |       |     1 ||     1
  Use: Scroll            |       |     4 ||     4
 Stab: Sleeping          |     6 |     4 ||    10
  Eat: Chunk             |     2 |     4 ||     6
Armor: Skin              |     3 |     1 ||     4
Dodge: Dodged            |    46 |    28 ||    74

Table legend:
 A = Non-vault XP
 B = Vault XP
 C = Vault XP percentage of total XP
 D = Non-vault monster count
 E = Vault monster count
 F = Vault count percentage of total count
                 A         B        C        D         E       F
            +---------+---------+-------+---------+---------+-------
      Total |     230 |      10 |   4.2 |      40 |       4 |   9.1
            +---------+---------+-------+---------+---------+-------
        D:1 |      46 |      10 |  17.9 |      19 |       4 |  17.4
        D:2 |      33 |       0 |   0.0 |      10 |       0 |   0.0
        D:3 |      90 |       0 |   0.0 |       8 |       0 |   0.0
        D:4 |      61 |       0 |   0.0 |       3 |       0 |   0.0
            +---------+---------+-------+---------+---------+-------
